 Dungeon Crawl Stone Soup version 0.20.1-1-g8b1a95d (webtiles) character file.

252 Kingsmith the Caller (level 6, -1/32 HPs)
             Began as a Kobold Summoner on Dec 11, 2017.
             Slain by an iguana (14 damage)
             ... on level 5 of the Dungeon.
             The game lasted 00:08:50 (3737 turns).

Kingsmith the Caller (Kobold Summoner)              Turns: 3737, Time: 00:08:50

Health: -1/32      AC:  9    Str:  5    XL:     6   Next: 36%
Magic:  0/12       EV: 15    Int: 18    God:
Gold:   147        SH:  0    Dex: 16    Spells: 5/14 levels left

rFire    . . .     SeeInvis .   e - +0 dagger
rCold    . . .     Gourm    .   (shield restricted)
rNeg     . . .     Faith    .   o - +2 robe
rPois    .         Spirit   .   w - +1 helmet
rElec    .         Reflect  .   (no cloak)
rCorr    .         Harm     .   x - +2 pair of gloves
MR       .....                  (no boots)
Stlth    ++........             (no amulet)
Regen    0.1/turn               (no ring)
MPRegen  0.2/turn               (no ring)

@: no status effects
A: carnivore 3
a: no special abilities


You were on level 5 of the Dungeon.
You were very full.

You visited 1 branch of the dungeon, and saw 5 of its levels.

You collected 147 gold pieces.

Inventory:

Hand Weapons
 e - a +0 dagger (weapon)
Armour
 o - a +2 robe (worn)
 w - a +1 helmet (worn)
 x - a +2 pair of gloves (worn)
Jewellery
 y - an uncursed ring of flight {unknown}
Scrolls
 d - a scroll of enchant weapon {unknown}
 n - a scroll of remove curse {unknown}
 r - a scroll of amnesia {unknown}
 u - a scroll of fear {unknown}
 v - a scroll of random uselessness {unknown}
 z - a scroll of enchant armour {unknown}
 A - a scroll of teleportation {unknown}
Potions
 a - a potion of brilliance {unknown}
 f - 2 potions of might
 g - a potion of flight {unknown}
 h - 4 potions of curing
 i - a potion of berserk rage {unknown}
 l - 2 potions of cancellation {unknown}
 m - a potion of invisibility {unknown}
 p - a potion of heal wounds {unknown}
 q - 2 potions of lignification
 s - a potion of mutation {unknown}
 t - a potion of haste
Books
 b - a book of Callings

   Spells                             Type                      Level
   a - Summon Small Mammal            Summoning                    1
   b - Call Imp                       Summoning                    2
   c - Call Canine Familiar           Summoning                    3
   d - Summon Guardian Golem          Hexes/Summoning              3
   e - Summon Lightning Spire         Summoning/Air                4
   f - Summon Ice Beast               Ice/Summoning                4
Comestibles
 c - a meat ration
 j - 3 royal jellies
 k - a chunk of flesh


   Skills:
 - Level 2.4 Dodging
 - Level 2.6 Stealth
 + Level 4.5 Spellcasting
 + Level 5.9 Summonings


You had 5 spell levels left.
You knew the following spells:

 Your Spells              Type           Power        Failure   Level  Hunger
a - Summon Small Mammal   Summ           ####         1%          1    None
b - Call Imp              Summ           ####....     1%          2    #......
c - Call Canine Familiar  Summ           ####....     3%          3    ###....
d - Summon Guardian Gole  Hex/Summ       ##......     12%         3    ###....


Dungeon Overview and Level Annotations

Branches:
Dungeon (5/15)
 Temple: D:4-7

Altars:
Ashenzari
Qazlal
Trog

Shops:
D:5 !

Annotations:
D:4 Dowan; Duvessa; Sayu92's ghost, amateur MfSu


Innate Abilities, Weirdness & Mutations

You are small and have problems with some larger weapons.
You are carnivorous and can eat meat at any time.


Message History

The iguana bites you but does no damage.
The shadow imp hits you but does no damage.
A hound comes into view.
You barely miss the iguana.
The hound barks!
Your quokka bites the shadow imp.
The hound moves out of view.
The iguana barely misses you.
The shadow imp closely misses your quokka.
Your quokka closely misses the shadow imp.
Your quokka closely misses the shadow imp.
The shadow imp barely misses your quokka.
There is a stone staircase leading up, spattered with blood here.
You see here a howler monkey corpse.
The iguana bites you!
Your quokka closely misses the shadow imp.
The shadow imp closely misses your quokka.
Casting: Summon Small Mammal
Confirm with . or Enter, or press ? or * to list all spells.
The iguana bites you!
You die...

############
#.$....!...#
#.......)..#
#......h.@%##
######.###lr#
#..#..5.#
#..⌠.⌠..#
##..∩.#h#
#.⌠(⌠...
#?#......
#.#.....#.
#.#........


You could see an iguana, a hound, a shadow imp, a friendly hound and a friendly
quokka.

Vanquished Creatures
  A howler monkey (D:5)
  A leopard gecko (D:1)
  2 giant cockroaches (D:3)
  7 goblins
  A hobgoblin (D:1)
  4 kobolds
  A quokka (D:3)
  3 frilled lizards (D:1)
  4 rats
24 creatures vanquished.

Vanquished Creatures (collateral kills)
  Sigmund (D:2)
  An ogre (D:5)
  A bullfrog skeleton (D:4)
  Jessica (D:2)
  An adder (D:2)
  An ooze (D:1)
  A worm (D:2)
  2 dart slugs
  A leopard gecko (D:1)
  An orc (D:3)
  3 giant cockroaches
  6 goblins
  7 hobgoblins
  3 jackals
  A quokka (D:5)
  A ball python (D:3)
  5 bats
  3 frilled lizards
  A kobold (D:1)
  6 rats
47 creatures vanquished.

Grand Total: 71 creatures vanquished

Notes
Turn   | Place    | Note
-------+----------+-------------------------------------------
     0 | D:1      | Kingsmith the Kobold Summoner began the quest for the Orb.
     0 | D:1      | Reached XP level 1. HP: 10/10 MP: 3/3
   409 | D:1      | Reached XP level 2. HP: 15/15 MP: 5/5
   413 | D:1      | Learned a level 2 spell: Call Imp
   871 | D:1      | Reached XP level 3. HP: 4/19 MP: 5/7
  1119 | D:1      | Learned a level 3 spell: Call Canine Familiar
  1565 | D:2      | Noticed Jessica
  1586 | D:2      | Killed Jessica
  1844 | D:2      | Noticed Sigmund
  1875 | D:2      | Killed Sigmund
  1875 | D:2      | Reached skill level 5 in Summonings
  1875 | D:2      | Reached XP level 4. HP: 24/24 MP: 4/9
  1875 | D:2      | Reached XP level 5. HP: 28/28 MP: 4/10
  1946 | D:2      | Learned a level 3 spell: Summon Guardian Golem
  1981 | D:2      | Found a stormy altar of Qazlal.
  2080 | D:2      | Found a faded altar of an unknown god.
  2141 | D:2      | Found a shattered altar of Ashenzari.
  2142 | D:2      | Found a bloodstained altar of Trog.
  3165 | D:4      | Noticed Dowan
  3167 | D:4      | Noticed Duvessa
  3669 | D:4      | Noticed Sayu92's ghost (amateur MfSu)
  3704 | D:5      | Entered Level 5 of the Dungeon
  3704 | D:5      | Noticed an ogre
  3708 | D:5      | Found Piuv's Distillery.
  3720 | D:5      | Killed an ogre
  3720 | D:5      | Reached XP level 6. HP: 30/32 MP: 1/12
  3737 | D:5      | Slain by an iguana

Skill      XL: |  1  2  3  4  5 |
---------------+----------------+-----
Spellcasting   | 3 4 |  4.5
Summonings     | 5 |  5.9
Dodging        | |  2.4
Stealth        | |  2.6

Action                   |  1- 3 |  4- 6 || total
-------------------------+-------+-------++-------
Melee: Unarmed           |    14 |       ||    14
       Dagger            |    54 |   147 ||   201
 Cast: Summon Small Mamm |    18 |     1 ||    19
       Call Canine Famil |     6 |    21 ||    27
       Call Imp          |     1 |     3 ||     4
       Summon Guardian G |       |     1 ||     1
  Use: Scroll            |       |     3 ||     3
 Stab: Sleeping          |     4 |       ||     4
       Distracted        |       |     2 ||     2
  Eat: Chunk             |    12 |     7 ||    19
Armor: Robe              |    14 |    58 ||    72
Dodge: Dodged            |    54 |   160 ||   214
